[Event "14th Chennai GM Open 2023"]
[Site "Chennai"]
[Date "2024.01.07"]
[Round "10.12"]
[White "Manish Anto Cristiano F"]
[Black "Kulkarni, Vinayak"]
[Result "1/2-1/2"]
[ECO "B38"]
[WhiteElo "2349"]
[BlackElo "1976"]
[Annotator "RC"]
[PlyCount "85"]
[EventDate "2023.12.31"]
[EventType "swiss"]
[EventCountry "IND"]
[SourceTitle "playchess.com"]
[Source "ChessBase"]
[SourceQuality "1"]
[TimeControl "5400+30"]

1. e4 c5 2. Nf3 Nc6 3. d4 cxd4 4. Nxd4 g6 5. c4 Nf6 6. Nc3 d6 7. f3 Bg7 8. Be3 O-O 9. Qd2 Bd7 10. Be2 Nxd4 11. Bxd4 Bc6 12. O-O a5 13. b3 e6 14. Rad1 Qe7 15. Rfe1 Rfc8 16. Bf1 Qf8 17. Kh1 Ne8 18. Be3 b5 19. cxb5 Bxc3 20. Qxc3 Bxb5 21. Qd2 Bxf1 22. Rxf1 Qe7 23. Rc1 Qb7 24. Rxc8 Qxc8 25. Rc1 Qd7 26. h3 Qb7 27. Bd4 a4 28. b4 a3 29. Rb1 Qb5 30. Rb3 Nc7 31. Qc1 e5 32. Qxc7 exd4 33. Qxd6 Qc4 34. Qd5 Qc1+ 35. Kh2 Qf4+ 36. Kh1 Rc8 37. Rb1 Rc1+ 38. Rxc1 Qxc1+ 39. Kh2 Qf4+ 40. Kh1 Qe3 41. b5 Qc1+ 42. Kh2 Qf4+ 43. Kh1 1/2-1/2

[Event "14th Chennai GM Open 2023"]
[Site "Chennai"]
[Date "2024.01.07"]
[Round "10.13"]
[White "Sushanth Kamabathula"]
[Black "Manik, Mikulas"]
[Result "0-1"]
[ECO "B72"]
[WhiteElo "1742"]
[BlackElo "2343"]
[Annotator "RC"]
[PlyCount "78"]
[EventDate "2023.12.31"]
[EventType "swiss"]
[EventCountry "IND"]
[SourceTitle "playchess.com"]
[Source "ChessBase"]
[SourceQuality "1"]
[TimeControl "5400+30"]

1. e4 c5 2. Nf3 d6 3. d4 cxd4 4. Nxd4 Nf6 5. Nc3 g6 6. Be3 a6 7. f3 h5 8. Qd2 e5 9. Nb3 Be6 10. O-O-O Nbd7 11. Kb1 Rc8 12. Be2 Qc7 13. Rc1 b5 14. Rhd1 Nb6 15. Bxb5+ axb5 16. Nxb5 Qb8 17. Nxd6+ Bxd6 18. Qxd6 Nc4 19. Qxb8 Rxb8 20. Bf2 h4 21. Rd3 Nh5 22. g3 hxg3 23. hxg3 Nf6 24. Re1 Rh2 25. Bc5 Nd7 26. Bg1 Rg2 27. g4 Ndb6 28. Bxb6 Rxb6 29. Red1 Ke7 30. a4 Rb4 31. a5 Rb5 32. Rc3 Nxa5 33. Nc5 Nc4 34. Na4 Rb4 35. b3 Na3+ 36. Kc1 Rxc2+ 37. Rxc2 Nxc2 38. Kxc2 Bxb3+ 39. Kc3 Bxa4 0-1

[Event "14th Chennai GM Open 2023"]
[Site "Chennai"]
[Date "2024.01.07"]
[Round "10.14"]
[White "Jake Shanty"]
[Black "Gochelashvili, David"]
[Result "0-1"]
[ECO "A29"]
[WhiteElo "1903"]
[BlackElo "2287"]
[Annotator "RC"]
[PlyCount "72"]
[EventDate "2023.12.31"]
[EventType "swiss"]
[EventCountry "IND"]
[SourceTitle "playchess.com"]
[Source "ChessBase"]
[SourceQuality "1"]
[TimeControl "5400+30"]

1. c4 e5 2. Nc3 Nf6 3. g3 d5 4. cxd5 Nxd5 5. Bg2 Nb6 6. Nf3 Nc6 7. d3 Be7 8. O-O O-O 9. a3 Be6 10. b4 a5 11. b5 Nd4 12. Nd2 Qd7 13. Rb1 Rab8 14. e3 Nf5 15. Nb3 Rfd8 16. Be4 Nd6 17. Nc5 Qc8 18. Nxe6 Nxe4 19. Nxe4 Qxe6 20. Qc2 f5 21. Nc3 Rd6 22. Rd1 c5 23. bxc6 Rxc6 24. Bb2 Rbc8 25. Rdc1 f4 26. exf4 exf4 27. Re1 Qh3 28. Qe2 Rh6 29. f3 Bc5+ 30. Kh1 fxg3 31. d4 Qxh2+ 32. Qxh2 Rxh2+ 33. Kg1 Bxd4+ 34. Kf1 Rf2+ 35. Kg1 Rxb2+ 36. Kf1 g2# 0-1